 Dungeon Crawl Stone Soup version 0.28.0-53-g5a82cb258f (webtiles) character file.

Game seed: 17103832426220801417

25 sizableburger the Gusty (level 2, 0/30 HPs)
             Began as a Palentonga Air Elementalist on Aug 18, 2022.
             Succumbed to an adder's poison
             ... on level 2 of the Dungeon on Aug 21, 2022.
             The game lasted 00:03:39 (1196 turns).

sizableburger the Gusty (PaAE)                      Turns: 1196, Time: 00:03:39

Health: 0/30       AC: 21    Str: 11    XL:     2   Next: 82%
Magic:  1/5        EV:  1    Int: 15    God:
Gold:   42         SH:  0    Dex: 10    Spells: 2/5 levels left

rFire   . . .      SeeInvis +   (no weapon)
rCold   . . .      Faith    .   (no shield)
rNeg    . . .      Spirit   .   (armour currently unavailable)
rPois   +          Reflect  .   (helmet currently unavailable)
rElec   .          Harm     .   (cloak currently unavailable)
rCorr   .          Rampage  .   (gloves currently unavailable)
Will    .....      NoTele   +   (no barding)
Stlth   +.........              (no amulet)
HPRegen 0.10/turn               (no ring)
MPRegen 0.09/turn               (no ring)

@: lethally poisoned (0 -> -2), tree-form
A: stationary, stasis, torment immunity, boosted hp, large, rugged brown scales
3, see invisible, (deformed body), (roll 1), (armoured tail)
a: no special abilities


You were on level 2 of the Dungeon.
You were a tree.
You visited 1 branch of the dungeon, and saw 2 of its levels.

You collected 42 gold pieces.

Inventory:

Armour
 a - a +0 robe (melded)
Potions
 b - 2 potions of lignification


   Skills:
 - Level 1.6 Dodging
 - Level 1.3 Stealth
 + Level 2.4 Spellcasting
 + Level 1.5 Conjurations
 + Level 2.7 Air Magic


You had 2 spell levels left.
You knew the following spells:

 Your Spells              Type           Power      Damage    Failure   Level
a - Shock                 Conj/Air       32%        1d5       9%          1
b - Static Discharge      Conj/Air       8%         N/A       13%         2

Your spell library contained the following spells:

 Spells                   Type           Power      Damage    Failure   Level
 Swiftness                Air            10%        N/A       21%         3
 Gell's Gravitas          Tloc           1%         N/A       54%         3
 Lesser Beckoning         Tloc           1%         N/A       54%         3
 Teleport Other           Tloc           1%         N/A       54%         3
 Airstrike                Air            5%         N/A       56%         4


Dungeon Overview and Level Annotations

Branches:
Dungeon (2/15)

Altars:


Innate Abilities, Weirdness & Mutations

You are a tree.
Your roots penetrate the ground, keeping you stationary.
You cannot be teleported.
You are immune to unholy pain and torment.
Your maximum health is greatly increased.
Your equipment is partially melded.
(You are completely covered in rugged brown scales. (AC +3, +7% HP))
You have supernaturally acute eyesight. (SInv)
((Armour fits poorly on your strangely shaped body.))
((You can roll at nearby foes to attack.))
((You have a long armoured tail.))


Message History

You closely miss the adder.
The adder is almost dead.
You feel sick. The adder bites you but does no damage.
You barely miss the adder.
Your tail-slap misses the adder.
The adder is almost dead.
You feel sick.
You are no longer poisoned.
The adder barely misses you. The adder bites you.
You hit the adder.
The adder is almost dead.
The adder bites you.
* * * LOW HITPOINT WARNING * * *
You barely miss the adder.
The adder is almost dead.
The adder barely misses you.
You hit the adder but do no damage.
The adder is almost dead.
The adder closely misses you.
You miss the adder.
The adder is almost dead.
The adder closely misses you. The adder bites you.
* * * LOW HITPOINT WARNING * * *
You are lethally poisoned!
The adder poisons you!
Okay, then.
It was a potion of lignification.
You turn into a tree.
Your +0 robe melds into your body.
Your roots penetrate the ground.
* * * LOW HITPOINT WARNING * * *
You feel sick. The adder bites you but does no damage.
Okay, then.
Okay, then.
As you read the scroll labelled HUIXKU TOULULAFOG, it crumbles to dust.
The scroll dissolves into smoke.
It was a scroll of fog.
* * * LOW HITPOINT WARNING * * *
You feel sick. The adder bites you but does no damage.
You aren't carrying any items that you can evoke.
Okay, then.
You barely miss the adder.
The adder is almost dead.
You die...

....##
#########
..#..# ###..#
#..##
###########
##..#
#.........#
#..#
#.#####.###
##.# #.#####§#
#># #.#...#§#
#.# #.#.#.#♣#
#.# #.#.#.#S#
#.# #.#.#.#§#
#.####.#.....#
#......#...###
########.###
#.# #.# #.###


You could see an adder.

Vanquished Creatures
  2 dart slugs (D:1)
  6 bats
  2 giant cockroaches
  4 kobolds (D:1)
  4 ball pythons (D:1)
  A frilled lizard (D:1)
  2 rats (D:1)
21 creatures vanquished.

Notes
Turn   | Place    | Note
-------+----------+-------------------------------------------
     0 | D:1      | sizableburger the Palentonga Air Elementalist began the
                  | quest for the Orb.
     0 | D:1      | Reached XP level 1. HP: 13/13 MP: 3/3
   144 | D:1      | Reached skill level 1 in Conjurations
   284 | D:1      | Reached XP level 2. HP: 20/20 MP: 3/5
  1083 | D:2      | Learned a level 2 spell: Static Discharge
  1195 | D:2      | HP: 1/30 [poisoned by an adder]
  1196 | D:2      | Succumbed to an adder's poison

Illustrated notes

Levels and vault maps discovered:
D:1:      dpeg_arrival_ternary, layout_loops_ring, minmay_misc_feat_pillars
D:2:      layout_basic, minivault_14

Skill      XL: |  1 |
---------------+----+-----
Conjurations   | 1 |  1.5
Dodging        | |  1.6
Stealth        | |  1.3
Spellcasting   | |  2.4
Air Magic      | |  2.7

Action                   || total
-------------------------++-------
Melee: Unarmed           ||     9
 Cast: Shock             ||    43
 Abil: Rolling Charge    ||     1
  Use: Scroll            ||     1
       Potion            ||     1
Armor: Robe              ||     5
       Skin              ||     2
Dodge: Dodged            ||    10
